 Dungeon Crawl Stone Soup version 0.30.0-30-g96aa6591b8 (webtiles) character file.

Game seed: 16720868452961213426

314 leafyfresh the Covert (level 6, -3/53 HPs)
             Began as a Gnoll Delver on June 29, 2023.
             Slain by an orc
             ... wielding a +2 flail of protection
              (4 damage)
             ... on level 4 of the Dungeon.
             The game lasted 00:00:57 (314 turns).

leafyfresh the Covert (Gnoll Delver)                 Turns: 314, Time: 00:00:58

Health: -3/53      AC:  3    Str: 11    XL:     6   Next: 43%
Magic:  9/9        EV: 13    Int: 10    God:
Gold:   18         SH:  0    Dex: 15    Spells: 9/9 levels left

rFire   . . .        a - +0 short sword
rCold   . . .        (no shield)
rNeg    . . .        b - +0 leather armour
rPois   .            (no helmet)
rElec   .            (no cloak)
rCorr   .            (no gloves)
SInv    .            (no boots)
Will    .....        (no amulet)
Stlth   ++++         (no ring)
HPRegen 0.28/turn    (no ring)
MPRegen 0.11/turn

%: no passive effects
@: no status effects
A: fangs 1, strong nose, distributed training
a: no special abilities


You were on level 4 of the Dungeon.
You visited 1 branch of the dungeon, and saw 2 of its levels.

You collected 18 gold pieces.

Inventory:

Hand Weapons
 a - a +0 short sword (weapon)
Armour
 b - a +0 leather armour (worn)
Wands
 g - a wand of digging (3)
Scrolls
 c - a scroll of fog
 d - a scroll of magic mapping
 e - a scroll of fear
 i - a scroll of noise {unknown}
 j - a scroll of identify {unknown}
Potions
 f - a potion of haste
 h - a potion of brilliance {unknown}


   Skills:
 + Level 6.8 Fighting
 + Level 5.0 Short Blades
 + Level 2.0 Long Blades
 + Level 2.0 Axes
 + Level 2.0 Maces & Flails
 + Level 2.0 Polearms
 + Level 2.0 Staves
 + Level 2.0 Ranged Weapons
 + Level 2.0 Throwing
 + Level 2.0 Armour
 + Level 5.0 Dodging
 + Level 9.8 Stealth
 + Level 2.0 Shields
 + Level 2.0 Unarmed Combat
 + Level 2.0 Spellcasting
 + Level 1.6 Conjurations
 + Level 1.6 Hexes
 + Level 1.6 Summonings
 + Level 1.6 Necromancy
 + Level 1.6 Translocations
 + Level 1.6 Transmutations
 + Level 1.6 Fire Magic
 + Level 1.6 Ice Magic
 + Level 1.6 Air Magic
 + Level 1.6 Earth Magic
 + Level 1.6 Poison Magic
 + Level 2.2 Invocations
 + Level 2.0 Evocations


You had 9 spell levels left.
You didn't know any spells.
Your spell library was empty.

Dungeon Overview and Level Annotations

Branches:
Dungeon (5/15)
 Temple: D:4-7

Altars:


Innate Abilities, Weirdness & Mutations

You have very sharp teeth.
Your uncanny sense of smell can sniff out nearby items.
Your experience applies equally to all skills.


Message History

You hit the orc.
The orc is heavily wounded.
You hit the orc.
You kill the orc!
You completely miss the orc. The orc misses you.
You hit the orc but do no damage. Your bite misses the orc.
The orc hits you with a +2 flail of protection.
You hit the orc but do no damage. You hit the orc but do no damage.
The orc closely misses you.
You barely miss the orc. Your bite misses the orc. The orc misses you.
You hit the orc.
The orc is moderately wounded.
The orc hits you with a +2 flail of protection!
* * * LOW HITPOINT WARNING * * *
You hit the orc but do no damage.
The orc is moderately wounded.
You hit the orc but do no damage. You bite the orc, but do no damage.
The orc is moderately wounded.
The orc hits you with a +2 flail of protection!
* * * LOW HITPOINT WARNING * * *
You hit the orc but do no damage.
The orc is moderately wounded.
The orc hits you with a +2 flail of protection!
* * * LOW HITPOINT WARNING * * *
You hit the orc but do no damage.
The orc is moderately wounded.
The orc closely misses you.
You closely miss the orc.
The orc is moderately wounded.
You closely miss the orc.
The orc is moderately wounded.
The orc hits you with a +2 flail of protection.
* * * LOW HITPOINT WARNING * * *
You barely miss the orc.
The orc is moderately wounded.
The orc closely misses you.
You hit the orc but do no damage.
The orc is moderately wounded.
The orc hits you with a +2 flail of protection.
You die...

...........>.[.#
...............#. ..
#........####.#.. ... ##
##.......#####....### ####... ..
#........#.##..#....# #.... ...
...............##...###... #...
#.......#####..###..#..# ##...#
#...#..## #..#.......###....#
#.#.#..# ####.@#............##.
#......###.##.#o......##...##
##...##......#.#o.>...)###...#
#....#..#......#.......# #......
.#......#.............####......
##.##......)..................#
##.............##....#.....####
#....................#.....#
...##.#....##...............


You could see 2 orcs.

Vanquished Creatures
  A black bear (D:5)
  An ice beast (D:5)
  An ogre (D:5)
  A hound (D:4)
  An adder (D:4)
  2 orcs
  A goblin (D:4)
  A hobgoblin (D:4)
9 creatures vanquished.

Notes
Turn   | Place    | Note
-------+----------+-------------------------------------------
     0 | D:5      | Reached skill level 9 in Stealth
     0 | D:5      | leafyfresh the Gnoll Delver began the quest for the Orb.
     0 | D:5      | Reached XP level 1. HP: 23/23 MP: 1/1
     7 | D:5      | Noticed a black bear
    11 | D:5      | Killed a black bear
    12 | D:5      | Reached skill level 1 in Long Blades
    12 | D:5      | Reached skill level 1 in Axes
    12 | D:5      | Reached skill level 1 in Maces & Flails
    12 | D:5      | Reached skill level 1 in Polearms
    12 | D:5      | Reached skill level 1 in Staves
    12 | D:5      | Reached skill level 1 in Ranged Weapons
    12 | D:5      | Reached skill level 1 in Throwing
    12 | D:5      | Reached skill level 1 in Armour
    12 | D:5      | Reached skill level 1 in Shields
    12 | D:5      | Reached skill level 1 in Unarmed Combat
    12 | D:5      | Reached skill level 1 in Spellcasting
    12 | D:5      | Reached skill level 1 in Conjurations
    12 | D:5      | Reached skill level 1 in Hexes
    12 | D:5      | Reached skill level 1 in Summonings
    12 | D:5      | Reached skill level 1 in Necromancy
    12 | D:5      | Reached skill level 1 in Translocations
    12 | D:5      | Reached skill level 1 in Transmutations
    12 | D:5      | Reached skill level 1 in Fire Magic
    12 | D:5      | Reached skill level 1 in Ice Magic
    12 | D:5      | Reached skill level 1 in Air Magic
    12 | D:5      | Reached skill level 1 in Earth Magic
    12 | D:5      | Reached skill level 1 in Poison Magic
    12 | D:5      | Reached skill level 1 in Invocations
    12 | D:5      | Reached skill level 1 in Evocations
    12 | D:5      | Reached XP level 2. HP: 29/29 MP: 1/3
    12 | D:5      | Reached XP level 3. HP: 35/35 MP: 1/4
    12 | D:5      | Reached XP level 4. HP: 41/41 MP: 1/5
   111 | D:5      | Identified the +0 scale mail of the Great Game {rN+ Regen+}
   111 | D:5      | Noticed an ice beast
   115 | D:5      | Killed an ice beast
   116 | D:5      | Reached XP level 5. HP: 47/47 MP: 5/7
   147 | D:5      | Noticed an ogre
   154 | D:5      | Killed an ogre
   155 | D:5      | Reached skill level 5 in Short Blades
   155 | D:5      | Reached skill level 5 in Dodging
   155 | D:5      | Reached XP level 6. HP: 53/53 MP: 7/9
   309 | D:4      | HP: 1/53 [orc/+2 flail of protection (7)]
   314 | D:4      | Slain by an orc

Illustrated notes

Levels and vault maps discovered:
D:4:      layout_cave_pools, uniq_blork_the_orc
D:5:      nicolae_BIG_FREAKIN_CUBE, layout_rooms, trog_ov_bears_minmay,
          mainiacjoe_overflow_brackets, minmay_temple_entry_antechambers,
          gammafunk_ghost_grave, uniq_eustachio, uniq_ijyb

Skill      XL: |  1  2  3  4  5 |
---------------+----------------+-----
Stealth        | |  9.8
Long Blades    | 1 2 |  2.0
Axes           | 1 2 |  2.0
Maces & Flails | 1 2 |  2.0
Polearms       | 1 2 |  2.0
Staves         | 1 2 |  2.0
Ranged Weapons | 1 2 |  2.0
Throwing       | 1 2 |  2.0
Armour         | 1 2 |  2.0
Shields        | 1 2 |  2.0
Unarmed Combat | 1 2 |  2.0
Spellcasting   | 1 2 |  2.0
Conjurations   | 1 |  1.6
Hexes          | 1 |  1.6
Summonings     | 1 |  1.6
Necromancy     | 1 |  1.6
Translocations | 1 |  1.6
Transmutations | 1 |  1.6
Fire Magic     | 1 |  1.6
Ice Magic      | 1 |  1.6
Air Magic      | 1 |  1.6
Earth Magic    | 1 |  1.6
Poison Magic   | 1 |  1.6
Invocations    | 1 2 |  2.2
Evocations     | 1 2 |  2.0
Short Blades   | 5 |  5.0
Dodging        | 5 |  5.0
Fighting       | |  6.8

Action                     |  1- 3 |  4- 6 || total
---------------------------+-------+-------++-------
  Melee: Short sword       |     1 |    68 ||    69
         Bite              |       |     2 ||     2
   Stab: Sleeping          |     1 |     4 ||     5
 Armour: Leather armour    |       |     7 ||     7
  Dodge: Dodged            |       |    32 ||    32
